 Dungeon Crawl Stone Soup version 0.28.0-45-g0d030f2227 (webtiles) character file.

Game seed: 14203258321359864785

849 101zpm the Gusty (level 8, -6/57 HPs)
             Began as a Gnoll Air Elementalist on Apr 22, 2022.
             Mangled by Pikel
             ... wielding a +0 whip of freezing
              (7 damage)
             ... while paralysed by Pikel
             ... on level 4 of the Dungeon.
             The game lasted 00:13:32 (5988 turns).

101zpm the Gusty (Gnoll Air Elementalist)           Turns: 5988, Time: 00:13:33

Health: -6/57      AC:  6    Str:  9    XL:     8   Next: 1%
Magic:  4/16       EV:  2    Int: 16    God:
Gold:   180        SH:  0    Dex: 12    Spells: 8/18 levels left

rFire   . . .      SeeInvis .   p - +2 spear (flame)
rCold   . . .      Faith    .   (no shield)
rNeg    . . .      Spirit   .   a - +0 robe
rPois   .          Reflect  .   (no helmet)
rElec   .          Harm     .   (no cloak)
rCorr   +          Rampage  .   (no gloves)
Will    .....                   (no boots)
Stlth   +++.......              (no amulet)
HPRegen 0.19/turn               h - +4 ring of protection
MPRegen 0.15/turn               s - ring of resist corrosion

@: paralysed, studying Evocations
A: fangs 1, strong nose, distributed training
a: no special abilities


You were on level 4 of the Dungeon.
You visited 1 branch of the dungeon, and saw 5 of its levels.

You collected 180 gold pieces.

Inventory:

Hand Weapons
 p - a +2 spear of flaming (weapon)
Armour
 a - a +0 robe (worn)
Jewellery
 h - a +4 ring of protection (left hand)
 s - a ring of resist corrosion (right hand)
Wands
 q - a wand of acid (8)
Scrolls
 b - a scroll of vulnerability {unknown}
 c - a scroll of amnesia {unknown}
 e - 3 scrolls of identify {unknown}
 i - 2 scrolls of noise {unknown}
 j - a scroll of fog {unknown}
 o - 2 scrolls of teleportation {unknown}
 t - 2 scrolls of magic mapping {unknown}
 u - a scroll of immolation {unknown}
 v - a scroll of enchant weapon {unknown}
Potions
 d - a potion of mutation {unknown}
 f - a potion of ambrosia {unknown}
 g - a potion of curing {unknown}
 k - a potion of attraction {unknown}
 l - a potion of invisibility {unknown}
 m - a potion of resistance {unknown}
 n - 2 potions of magic {unknown}
 r - a potion of cancellation {unknown}


   Skills:
 + Level 2.8 Fighting
 + Level 2.8 Short Blades
 + Level 2.8 Long Blades
 + Level 2.8 Axes
 + Level 2.8 Maces & Flails
 + Level 2.8 Polearms
 + Level 2.8 Staves
 + Level 2.8 Slings
 + Level 2.8 Bows
 + Level 2.8 Crossbows
 + Level 2.8 Throwing
 + Level 2.8 Armour
 + Level 5.4 Dodging
 + Level 5.1 Stealth
 + Level 2.8 Shields
 + Level 2.8 Unarmed Combat
 + Level 5.8 Spellcasting
 + Level 3.2 Conjurations
 + Level 2.3 Hexes
 + Level 2.3 Summonings
 + Level 2.3 Necromancy
 + Level 2.3 Translocations
 + Level 2.3 Transmutations
 + Level 2.3 Fire Magic
 + Level 2.3 Ice Magic
 + Level 6.0 Air Magic
 + Level 2.3 Earth Magic
 + Level 2.3 Poison Magic
 + Level 3.1 Invocations
 + Level 3.1 Evocations


You had 8 spell levels left.
You knew the following spells:

 Your Spells              Type           Power      Damage    Failure   Level
a - Shock                 Conj/Air       76%        1d7       2%          1
b - Static Discharge      Conj/Air       19%        N/A       3%          2
c - Swiftness             Air            23%        N/A       3%          3
d - Airstrike             Air            11%        N/A       12%         4

Your spell library contained the following spells:

 Spells                   Type           Power      Damage    Failure   Level
 Foxfire                  Conj/Fire      52%        2x1d6     4%          1
 Conjure Flame            Conj/Fire      13%        6-21      14%         3
 Inner Flame              Hex/Fire       12%        N/A       16%         3
 Flame Wave               Conj/Fire      13%        2d6       41%         4


Dungeon Overview and Level Annotations

Branches:
Dungeon (5/15)
 Temple: D:4-7

Altars:
Elyvilon
Makhleb
Nemelex Xobeh
Sif Muna

Annotations:
D:4 Pikel


Innate Abilities, Weirdness & Mutations

You have very sharp teeth.
Your uncanny sense of smell can sniff out nearby items.
Your experience applies equally to all skills.


Message History

There is a stone staircase leading down, spattered with blood here.
You see here a +0 flail.
Pikel zaps a wand.
You suddenly lose the ability to move!
You can move again.
You hit Pikel but do no damage.
Pikel is severely wounded.
Pikel barely misses you.
You hit Pikel. You burn Pikel. Your bite misses Pikel.
Pikel is severely wounded.
Pikel hits you with a +0 whip of freezing.
Pikel freezes you.
You completely miss Pikel.
Pikel is severely wounded.
Pikel zaps a wand.
You resist with some effort.
You hit Pikel but do no damage. Your punch misses Pikel.
You bite Pikel, but do no damage.
Pikel is severely wounded.
Pikel misses you.
You hit Pikel but do no damage.
Pikel is severely wounded.
Pikel closely misses you.
You barely miss Pikel.
Pikel is severely wounded.
Pikel zaps a wand.
You suddenly lose the ability to move!
Pikel hits you with a +0 whip of freezing.
Pikel freezes you.
Pikel hits you with a +0 whip of freezing!
* * * LOW HITPOINT WARNING * * *
Pikel freezes you.
* * * LOW HITPOINT WARNING * * *
Pikel hits you with a +0 whip of freezing.
* * * LOW HITPOINT WARNING * * *
Pikel freezes you.
* * * LOW HITPOINT WARNING * * *
Pikel hits you with a +0 whip of freezing.
* * * LOW HITPOINT WARNING * * *
Pikel freezes you.
* * * LOW HITPOINT WARNING * * *
Pikel hits you with a +0 whip of freezing!
You die...

.#.#.###.# #.....# #.# #########
.#.#.....# #.###.# ##.# #
.#.#....## #.# #.# #..# #
##.##.#.# #.# #.# #.## #
#...#.#.# ##.###.# #.# #
#._.#.#.###...)..# #.# #
#...#.#.>.....[>5# #.#
##.##.#####..###K# #.## .#.#..#
#..# #@# #..##
.#.#..#####..###.###...##########
.#.#......................)...[..
.#'#..#####..###.###...##########
......#......###.####.######
#.#.###.###.###...........<#
....###.###.###).####.####.#
......................# #.#
##.###'###..###..#########.##


You could see Pikel and a lemure.

Vanquished Creatures
  A black bear (D:4)
  2 ogres (D:3)
  A phantom (D:4)
  A scorpion (D:2)
  A water moccasin skeleton (D:4)
  A bullfrog zombie (D:3)
  2 jellies (D:4)
  A gnoll shaman (D:4)
  An iguana (D:4)
  A mummy (D:4)
  9 gnolls
  8 adders
  2 adder skeletons (D:4)
  A worm (D:4)
  3 dart slugs
  4 orcs
  9 ball pythons
  5 endoplasms
  4 giant cockroaches
  7 goblins
  5 hobgoblins
  6 jackals
  7 kobolds
  2 quokkas
  4 bats
  2 frilled lizards
  A goblin zombie (D:4)
  A hobgoblin zombie (D:4)
  12 rats
104 creatures vanquished.

Vanquished Creatures (others)
  A fungus (D:5)
  A plant (D:5)
2 creatures vanquished.

Grand Total: 106 creatures vanquished

Notes
Turn   | Place    | Note
-------+----------+-------------------------------------------
     0 | D:1      | 101zpm the Gnoll Air Elementalist began the quest for the
                  | Orb.
     0 | D:1      | Reached XP level 1. HP: 13/13 MP: 6/6
   149 | D:1      | Reached XP level 2. HP: 20/20 MP: 2/7
   615 | D:1      | Reached skill level 5 in Spellcasting
   615 | D:1      | Reached XP level 3. HP: 25/25 MP: 0/9
  1056 | D:1      | Reached skill level 1 in Invocations
  1541 | D:2      | Reached skill level 1 in Fighting
  1541 | D:2      | Reached skill level 1 in Short Blades
  1541 | D:2      | Reached skill level 1 in Long Blades
  1541 | D:2      | Reached skill level 1 in Axes
  1541 | D:2      | Reached skill level 1 in Maces & Flails
  1541 | D:2      | Reached skill level 1 in Polearms
  1541 | D:2      | Reached skill level 1 in Staves
  1541 | D:2      | Reached skill level 1 in Slings
  1541 | D:2      | Reached skill level 1 in Bows
  1541 | D:2      | Reached skill level 1 in Crossbows
  1541 | D:2      | Reached skill level 1 in Throwing
  1541 | D:2      | Reached skill level 1 in Armour
  1541 | D:2      | Reached skill level 1 in Shields
  1541 | D:2      | Reached skill level 1 in Unarmed Combat
  1541 | D:2      | Reached skill level 1 in Evocations
  1541 | D:2      | Reached XP level 4. HP: 32/32 MP: 8/11
  1902 | D:2      | Reached skill level 1 in Hexes
  1902 | D:2      | Reached skill level 1 in Summonings
  1902 | D:2      | Reached skill level 1 in Necromancy
  1902 | D:2      | Reached skill level 1 in Translocations
  1902 | D:2      | Reached skill level 1 in Transmutations
  1902 | D:2      | Reached skill level 1 in Fire Magic
  1902 | D:2      | Reached skill level 1 in Ice Magic
  1902 | D:2      | Reached skill level 1 in Earth Magic
  1902 | D:2      | Reached skill level 1 in Poison Magic
  1959 | D:2      | Noticed a scorpion
  1965 | D:2      | Learned a level 2 spell: Static Discharge
  1969 | D:2      | Learned a level 3 spell: Swiftness
  1974 | D:2      | Learned a level 4 spell: Airstrike
  2102 | D:3      | Reached XP level 5. HP: 17/37 MP: 5/12
  2384 | D:3      | Found a faded altar of an unknown god.
  2486 | D:3      | Found a burning altar of Makhleb.
  2697 | D:3      | Noticed a cacodemon
  2701 | D:3      | Noticed a ynoxinul
  2701 | D:3      | Noticed an orange demon
  3338 | D:2      | Reached XP level 6. HP: 44/44 MP: 7/14
  3916 | D:4      | Reached skill level 5 in Dodging
  3949 | D:4      | Noticed a black bear
  3962 | D:4      | Killed a black bear
  4099 | D:4      | Found a sparkling altar of Nemelex Xobeh.
  4107 | D:4      | Found a shimmering blue altar of Sif Muna.
  4423 | D:4      | Reached XP level 7. HP: 49/50 MP: 12/15
  4453 | D:4      | Found a white marble altar of Elyvilon.
  5196 | D:5      | Entered Level 5 of the Dungeon
  5746 | D:3      | Reached skill level 5 in Stealth
  5803 | D:3      | Reached skill level 6 in Air Magic
  5803 | D:3      | Reached XP level 8. HP: 57/57 MP: 1/16
  5962 | D:5      | Noticed Pikel
  5965 | D:5      | Paralysed by Pikel for 7 turns
  5975 | D:4      | Paralysed by Pikel for 3 turns
  5983 | D:4      | Paralysed by Pikel for 7 turns
  5987 | D:4      | HP: 1/57 [Pikel/+0 whip of freezing (2)]
  5988 | D:4      | Mangled by Pikel

Illustrated notes

Levels and vault maps discovered:
D:1:      wheals_arrival_linesprint, layout_basic
D:2:      layout_loops_ring
D:3:      layout_basic, makhleb_altar_promises_db,
          hellmonk_ecumenical_altar_prayer_group
D:4:      layout_loops_ring, mainiacjoe_overflow_surrounded_room,
          mainiacjoe_overflow_big_doors, nicolae_ossuary_entry_giza,
          minmay_manual_maat
D:5:      old_forge, layout_basic, minmay_temple_entry_statues_pillars,
          uniq_pikel

Skill      XL: |  1  2  3  4  5  6  7 |
---------------+----------------------+-----
Conjurations   | 2 3 |  3.2
Spellcasting   | 5 |  5.8
Invocations    | 1 2 3 |  3.1
Fighting       | 1 2 |  2.8
Short Blades   | 1 2 |  2.8
Long Blades    | 1 2 |  2.8
Axes           | 1 2 |  2.8
Maces & Flails | 1 2 |  2.8
Polearms       | 1 2 |  2.8
Staves         | 1 2 |  2.8
Slings         | 1 2 |  2.8
Bows           | 1 2 |  2.8
Crossbows      | 1 2 |  2.8
Throwing       | 1 2 |  2.8
Armour         | 1 2 |  2.8
Shields        | 1 2 |  2.8
Unarmed Combat | 1 2 |  2.8
Evocations     | 1 2 3 |  3.1
Hexes          | 1 2 |  2.3
Summonings     | 1 2 |  2.3
Necromancy     | 1 2 |  2.3
Translocations | 1 2 |  2.3
Transmutations | 1 2 |  2.3
Fire Magic     | 1 2 |  2.3
Ice Magic      | 1 2 |  2.3
Earth Magic    | 1 2 |  2.3
Poison Magic   | 1 2 |  2.3
Dodging        | 5 |  5.4
Stealth        | 5 |  5.1
Air Magic      | 6 |  6.0

Action                   |  1- 3 |  4- 6 |  7- 9 || total
-------------------------+-------+-------+-------++-------
Melee: Unarmed           |    15 |    16 |       ||    31
       Bite              |     1 |     4 |     8 ||    13
       Punch             |     1 |     1 |     2 ||     4
       Spear             |       |    14 |    69 ||    83
 Cast: Shock             |    67 |    86 |    14 ||   167
       Airstrike         |       |    12 |    16 ||    28
       Swiftness         |       |       |     1 ||     1
 Stab: Sleeping          |       |       |     4 ||     4
Armor: Robe              |     2 |    13 |     7 ||    22
Dodge: Dodged            |    15 |    17 |    39 ||    71
